 Dungeon Crawl Stone Soup version 0.23-a0-622-g59b4ea9 (webtiles) character file.

60 TheGoonsmith the Conjurer (level 3, 0/26 HPs)
             Began as a Draconian Conjurer on Dec 23, 2018.
             Slain by a gnoll
             ... wielding a +1 halberd of protection
              (9 damage)
             ... on level 1 of the Dungeon.
             The game lasted 00:02:00 (1272 turns).

TheGoonsmith the Conjurer (Draconian Conjurer)      Turns: 1272, Time: 00:02:00

Health: 0/26       AC:  5    Str: 10    XL:     3   Next: 82%
Magic:  3/7        EV: 12    Int: 16    God:
Gold:   18         SH:  0    Dex: 11    Spells: 7/8 levels left

rFire    . . .     SeeInvis .   a - +0 whip
rCold    . . .     Gourm    .   (no shield)
rNeg     . . .     Faith    .   (armour unavailable)
rPois    .         Spirit   .   (helmet restricted)
rElec    .         Reflect  .   (no cloak)
rCorr    .         Harm     .   (no gloves)
MR       .....                  (no boots)
Stlth    ++........             (no amulet)
HPRegen  0.08/turn              (no ring)
MPRegen  0.10/turn              (no ring)

@: no status effects
A: unfitting armour, cold-blooded, AC +5
a: no special abilities


You were on level 1 of the Dungeon.
You were hungry.

You visited 1 branch of the dungeon, and saw 2 of its levels.

You collected 18 gold pieces.

Inventory:

Hand Weapons
 a - a +0 whip (weapon)
Jewellery
 i - a +6 ring of protection {unknown}
Scrolls
 c - 2 scrolls of teleportation {unknown}
 d - a scroll of magic mapping {unknown}
 f - a scroll of random uselessness {unknown}
Comestibles
 b - 2 rations
 h - 5 chunks of flesh


   Skills:
 - Level 1.7 Dodging
 - Level 1.7 Stealth
 - Level 3.0 Spellcasting
 + Level 4.9 Conjurations


You had 7 spell levels left.
You knew the following spells:

 Your Spells              Type           Power        Failure   Level  Hunger
a - Magic Dart            Conj           ###.         2%          1    #......

Your spell library contained the following spells:

 Spells                   Type           Power        Failure   Level  Hunger
 Searing Ray              Conj           ###...       3%          2    ##.....
 Dazzling Spray           Conj/Hex       ##....       21%         3    ###....
 Iskenderun's Mystic Bla  Conj           ###.....     24%         4    #####..
 Force Lance              Conj/Tloc      ##......     56%         4    #####..
 Fulminant Prism          Conj/Hex       ##........   56%         4    #####..


Dungeon Overview and Level Annotations

Branches:
Dungeon (2/15)

Altars:


Innate Abilities, Weirdness & Mutations

Your plain brown scales are hard. (AC +5)
You cannot fit into any form of body armour.
You are cold-blooded and may be slowed by cold attacks.


Message History

The magic dart hits the gnoll.
The gnoll is moderately wounded.
The gnoll hits you from afar with a +1 halberd of protection.
Casting: Magic Dart (safe; 2% risk of failure)
Confirm with . or Enter, or press ? or * to list all spells.
Aiming: Magic Dart (safe; 2% risk of failure)
Press: ? - help, Shift-Dir - straight line, f/p - gnoll
Aim: a gnoll, wielding a +1 halberd of protection (moderately wounded)
The magic dart hits the gnoll.
The gnoll is moderately wounded.
The gnoll closely misses you.
Casting: Magic Dart (safe; 2% risk of failure)
Confirm with . or Enter, or press ? or * to list all spells.
Aiming: Magic Dart (safe; 2% risk of failure)
Press: ? - help, Shift-Dir - straight line, f/p - gnoll
Aim: a gnoll, wielding a +1 halberd of protection (lightly wounded)
The magic dart hits the gnoll.
The gnoll is lightly wounded.
The gnoll hits you from afar with a +1 halberd of protection!
You die...

########
#......#########
#.####.##......#
##.####.##......#
.....##.##......#
.#.####.##......#
........####....##
.#.#####........@#
...#####.........#
...............g.#
##...............#
#...............#
##...............######
##....................#
.).....##.#####.#######
##.###).#.# #.#


You could see a gnoll.

Vanquished Creatures
  2 gnolls
  An adder (D:2)
  A dart slug (D:1)
  4 giant cockroaches
  5 goblins (D:1)
  2 hobgoblins (D:1)
  4 jackals (D:2)
  4 kobolds
  A ball python (D:1)
  3 frilled lizards
  3 rats
30 creatures vanquished.

Notes
Turn   | Place    | Note
-------+----------+-------------------------------------------
     0 | D:1      | TheGoonsmith the Draconian Conjurer began the quest for the
                  | Orb.
     0 | D:1      | Reached XP level 1. HP: 14/14 MP: 3/3
   149 | D:1      | Reached XP level 2. HP: 20/20 MP: 0/5
   885 | D:2      | Reached XP level 3. HP: 26/26 MP: 2/7
  1265 | D:1      | HP: 1/26 [gnoll/+1 halberd of protection (10)]
  1272 | D:1      | Slain by a gnoll

Vault maps used:
D:1:      lemuel_arrival_tunnels, minmay_misc_feat_five
D:2:      makhleb_altar_promises_db, vehumet_crystals, xom_butterflies,
          nemelex_xobeh_ov_fountains_minmay

Skill      XL: |  1  2  3 |
---------------+----------+-----
Spellcasting   | 3 |  3.0
Dodging        | |  1.7
Stealth        | |  1.7
Conjurations   | |  4.9

Action                   || total
-------------------------++-------
Melee: Unarmed           ||     8
       Whip              ||    27
       Tailslap          ||     5
 Cast: Magic Dart        ||    63
  Use: Potion            ||     2
 Stab: Sleeping          ||     1
  Eat: Chunk             ||     1
Armor: Skin              ||     6
Dodge: Dodged            ||    27

Table legend:
 A = Non-vault XP
 B = Vault XP
 C = Vault XP percentage of total XP
 D = Non-vault monster count
 E = Vault monster count
 F = Vault count percentage of total count
                 A         B        C        D         E       F
            +---------+---------+-------+---------+---------+-------
      Total |      87 |       0 |   0.0 |      30 |       0 |   0.0
            +---------+---------+-------+---------+---------+-------
        D:1 |      45 |       0 |   0.0 |      19 |       0 |   0.0
        D:2 |      42 |       0 |   0.0 |      11 |       0 |   0.0
            +---------+---------+-------+---------+---------+-------
